 Dungeon Crawl Stone Soup version 0.25-a0-1118-g1a081956a1 (webtiles) character file.

Game seed: 4142853299667066085, levelgen mode: deterministic

341154 Majang the Executioner (level 21, 0/192 HPs)
             Began as a Minotaur Gladiator on May 15, 2020.
             Was the Champion of Qazlal.
             Slain by a balrug
             ... wielding a +4 demon whip
              (21 damage)
             ... in a wizard's laboratory on May 17, 2020.
             The game lasted 04:10:32 (45933 turns).

Majang the Executioner (Minotaur Gladiator)        Turns: 45933, Time: 04:10:33

Health: 0/192      AC: 31    Str: 26    XL:     21   Next: 8%
Magic:  16/31      EV: 16    Int:  7    God:    Qazlal [******]
Gold:   864        SH:  8    Dex: 13    Spells: 20/20 levels left

rFire    + . .     SeeInvis .   a - +8 battleaxe (vorpal)
rCold    + . .     Gourm    .   (shield currently unavailable)
rNeg     + + +     Faith    +   P - +1 plate armour of Relativism {rPois rN+ Regen+ Stlth+}
rPois    +         Spirit   .   W - +2 hat {MR+}
rElec    +         Reflect  .   j - +0 cloak {Stlth+}
rCorr    .         Harm     .   i - +1 pair of gloves {archery}
MR       ++...                  F - +0 pair of boots "Iqykkoe" {rN+}
Stlth    ..........             n - amulet of Xom's Recklessness {Faith rElec rN+}
HPRegen  0.82/turn              e - +4 ring of protection
MPRegen  0.22/turn              w - ring of protection from cold (curse)

@: lethally poisoned (0 -> 0), liquid flames, marked, protected from fire,
glowing, repel missiles
A: retaliatory headbutt, horns 2, screaming 1
}: 2/15 runes: decaying, serpentine
a: Upheaval, Elemental Force, Disaster Area, Renounce Religion


You were in a wizard's laboratory.
You worshipped Qazlal.
Qazlal was exalted by your worship.
You were not hungry.

You visited 8 branches of the dungeon, and saw 37 of its levels.
You visited the Abyss 1 time.
You also visited: Ice Cave and Wizlab.

You collected 4128 gold pieces.
You spent 3264 gold pieces at shops.

Inventory:

Hand Weapons
 a - a +8 vorpal battleaxe (weapon)
 b - a +2 battleaxe of flaming
 U - a +3 vorpal battleaxe
 Z - the +7 dire flail of Massacring {drain, rElec rF+}
   (You found it on level 9 of the Dungeon)

   A truly terrible weapon, it drains the life of those it strikes.
   It protects you from fire.
   It insulates you from electricity.
Missiles
 d - 3 throwing nets (quivered)
Armour
 i - a +1 pair of gloves of archery (worn)
 j - a +0 cloak of stealth (worn)
 A - a +3 plate armour of cold resistance
 F - the +0 pair of boots "Iqykkoe" (worn) {rN+}
   (You found it on level 8 of the Dungeon)

   It protects you from negative energy.
 P - the +1 plate armour of Relativism (worn) {rPois rN+ Regen+ Stlth+}
   (You bought it in a shop on level 2 of the Orcish Mines)

   It protects you from poison.
   It protects you from negative energy.
   It increases your rate of regeneration.
   It makes you more stealthy.
 W - a +2 hat of magic resistance (worn)
Jewellery
 e - a +4 ring of protection (left hand)
 n - the amulet of Xom's Recklessness (around neck) {Faith rElec rN+}
   (You acquired it on level 1 of the Lair of Beasts)

   [amulet of faith]

   It allows you to gain divine favour quickly.
   It insulates you from electricity.
   It protects you from negative energy.
 p - an uncursed ring of stealth {unknown}
 w - a cursed ring of protection from cold (right hand)
 D - an uncursed ring of ice
 K - an uncursed ring of see invisible
 Q - an uncursed ring of protection from fire
Wands
 k - a wand of disintegration (6)
 C - a wand of acid (13)
 E - a wand of paralysis (38)
 G - a wand of iceblast (55)
 O - a wand of digging (10)
 X - a wand of flame (35)
Scrolls
 l - 13 scrolls of teleportation
 r - 14 scrolls of remove curse
 t - 12 scrolls of identify
 v - 9 scrolls of blinking
 B - 3 scrolls of enchant armour
 I - 3 scrolls of immolation
 J - 4 scrolls of fog
 R - 3 scrolls of fear
Potions
 c - 3 potions of might
 g - 2 potions of ambrosia
 h - 8 potions of berserk rage
 m - 7 potions of curing
 o - 2 potions of resistance
 q - 7 potions of flight
 s - 3 potions of haste
 u - 8 potions of heal wounds
 x - 2 potions of mutation
 z - 4 potions of brilliance
 L - 2 potions of magic
 M - 6 potions of cancellation
 N - a potion of stabbing
 T - 2 potions of invisibility
Miscellaneous
 S - a phantom mirror
Comestibles
 f - 6 chunks of flesh
 y - 39 rations


   Skills:
 + Level 17.5 Fighting
 * Level 24.7 Axes
 - Level 2.0 Throwing
 + Level 17.3 Armour
 + Level 16.3 Dodging
 + Level 14.9 Invocations
 + Level 12.5 Evocations


You had 20 spell levels left.
You didn't know any spells.
Your spell library contained the following spells:

 Spells                   Type           Power        Failure   Level  Hunger
 Corona                   Hex            #......      95%         1    ##.....
 Foxfire                  Conj/Fire      #...         95%         1    ##.....
 Shock                    Conj/Air       #...         95%         1    ##.....
 Sting                    Tmut/Pois      #...         95%         1    ##.....
 Blink                    Tloc           N/A          99%         2    ###....
 Call Imp                 Summ           #.......     99%         2    ###....
 Poisonous Vapours        Pois/Air       #.....       99%         2    ###....
 Shroud of Golubria       Chrm/Tloc      #.....       99%         2    ###....
 Slow                     Hex            #.......     99%         2    ###....
 Swiftness                Chrm/Air       #.......     99%         2    ###....
 Confusing Touch          Hex            #.......     100%        3    ####...
 Conjure Flame            Conj/Fire      #.......     100%        3    ####...
 Dazzling Flash           Conj/Hex       #.....       100%        3    ####...
 Gell's Gravitas          Tloc           #.........   100%        3    ####...
 Ignite Poison            Fire/Tmut/Pois #.......     100%        3    ####...
 Inner Flame              Hex/Fire       #.......     100%        3    ####...
 Lesser Beckoning         Tloc           #.........   100%        3    ####...
 Mephitic Cloud           Conj/Pois/Air  #.......     100%        3    ####...
 Portal Projectile        Hex/Tloc       #.....       100%        3    ####...
 Recall                   Summ/Tloc      N/A          100%        3    ####...
 Spider Form              Tmut/Pois      #.........   100%        3    ####...
 Teleport Other           Tloc           #.......     100%        3    ####...
 Cause Fear               Hex            #.........   100%        4    #####..
 Leda's Liquefaction      Hex/Erth       #.........   100%        4    #####..
 Olgreb's Toxic Radiance  Pois           #.......     100%        4    #####..
 Passage of Golubria      Tloc           N/A          100%        4    #####..
 Petrify                  Tmut/Erth      #.......     100%        4    #####..
 Sticky Flame             Conj/Fire      #.......     100%        4    #####..
 Aura of Abjuration       Summ           #.........   100%        5    ######.
 Bolt of Magma            Conj/Fire/Erth #.........   100%        5    ######.
 Fireball                 Conj/Fire      #.........   100%        5    ######.
 Metabolic Englaciation   Hex/Ice        #.........   100%        5    ######.
 Silence                  Hex/Air        #.........   100%        5    ######.
 Summon Demon             Summ           #.........   100%        5    ######.
 Summon Forest            Summ/Tloc      #.........   100%        5    ######.
 Summon Mana Viper        Hex/Summ       #.......     100%        5    ######.
 Yara's Violent Unravell  Hex/Tmut       #.........   100%        5    ######.
 Shadow Creatures         Summ           N/A          100%        6    #######
 Statue Form              Tmut/Erth      #........    100%        6    #######
 Discord                  Hex            #.........   100%        8    #######


Dungeon Overview and Level Annotations

Branches:
Dungeon (15/15)            Temple (1/1) D:7            Lair (6/6) D:8
  Swamp (4/4) Lair:3        Snake (4/4) Lair:2        Slime (0/5) Lair:6
    Orc (2/2) D:12            Elf (3/3) Orc:2        Vaults (2/5) D:13
 Depths (0/5) D:15          IceCv (visited)          WizLab (1/1)
  Crypt: Vaults:2-3

Altars:
Ashenzari
Cheibriados
Dithmenos
Elyvilon
Fedhas
Gozag
Hepliaklqana
Kikubaaqudgha
Makhleb
Nemelex Xobeh
Okawaru
Qazlal
Ru
Sif Muna
Trog
Uskayaw
Vehumet
Wu Jian
Xom
Yredelemnul
Zin
The Shining One
Beogh

Shops:
D:4 *   D:10 (   D:13 *   D:15 !   Orc:1 =   Orc:2 :*([   Elf:1 =   Vaults:1 [
Vaults:2 *

Portals:
Trove: Elf:2 (give horn of Geryon)


Innate Abilities, Weirdness & Mutations

You reflexively headbutt those who attack you in melee.
You have a pair of horns on your head.
You occasionally shout uncontrollably at your foes.


Message History

The red devil hits you but does no damage.
You are poisoned.
You hit the blizzard demon but do no damage.
The blizzard demon is almost dead.
You slash the hellwing!
You kill the hellwing!
Qazlal accepts your kill.
You slice the green death like a ripe choko!!!
You kill the green death!
Qazlal accepts your kill.
You completely miss the balrug.
You are covered in liquid flames!
* * * LOW HITPOINT WARNING * * *
You feel sick.
The balrug hits you with a +4 demon whip.
* * * LOW HITPOINT WARNING * * *
You are engulfed in flames!!
Your resistance to physical damage fades away.
You feel protected from fire.
You die...

###########
#8...∩...8#
#.........#
#..##.##..#
#.##...##.#
.##...○#....##.
....≈#°.○#......
.......@)..≈....
.##..#.22#..##..
#..☼4#.≈..# .
#≈##..≈##.# #
##.## .# . ⌠


You could see a balrug (fast), a blizzard demon (agile) and a red devil.

Vanquished Creatures
  Saint Roka (Orc:2)
  A lich (Abyss:2)
  Rupert (D:15)
  Jorgrun (Snake:1)
  A sphinx (Vaults:2)
  A tengu reaver (Vaults:1)
  7 nagarajas
  Agnes (D:15)
  3 thorn hunters
  Roxanne (D:15)
  A fire giant (shapeshifter) (Elf:2)
  4 deep elf sorcerers
  2 balrugs (WizLab)
  A cacodemon (Abyss:2)
  A vault warden (Vaults:2)
  A deep elf elementalist (Elf:1)
  Aizul (Lair:2)
  A blood saint (WizLab)
  2 stone giants (Vaults:2)
  A deep elf demonologist (Elf:1)
  7 ironheart preservers
  A dire elephant (Lair:4)
  3 deep elf annihilators
  2 ettins (Orc:1)
  Snorg (D:14)
  A great orb of eyes (Vaults:2)
  A green death (WizLab)
  24 hydras
  2 deep elf death magi
  Josephine (D:14)
  4 fire dragons
  3 yaktaur captains
  18 naga warriors
  2 ice dragons
  2 ghost crabs
  A rakshasa (Vaults:1)
  3 catoblepae
  4 vault guards
  6 shambling mangroves
  10 anacondas
  23 dancing weapons
  22 alligators
  3 centaur warriors
  5 ogre magi
  15 two-headed ogres
  2 death yaks (Lair:4)
  A deep troll shaman (Vaults:1)
  28 naga sharpshooters
  The ghost of marsu the Destroyer, a journeyman TeCj of Sif Muna (D:10)
  11 shock serpents
  3 tengu warriors (D:15)
  2 sun demons
  5 orc high priests
  A hell knight (Vaults:1)
  The ghost of Sickboy the Carver, a novice MiFi of Qazlal (D:9)
  2 salamander mystics
  2 soul eaters
  A wretched star (Abyss:2)
  14 deep elf knights
  Nergalle (D:10)
  A shadow wraith (Vaults:2)
  A fire crab (shapeshifter) (D:14)
  A sixfirhy (WizLab)
  2 deep trolls (Vaults:1)
  A flayed ghost (Vaults:1)
  A spatial maelstrom (Abyss:2)
  A glowing orange brain (Abyss:2)
  A sea snake (Snake:4)
  6 unseen horrors
  12 swamp dragons
  2 spriggan druids
  10 naga ritualists
  10 harpies
  10 deep elf archers
  A wizard (Abyss:2)
  3 large abominations (Abyss:2)
  11 ironbrand convokers
  15 orc knights
  48 deep elf magi
  2 necromancers
  26 ugly things
  A wolf spider (Vaults:1)
  12 mana vipers
  2 lindwurms (Lair:6)
  4 cyclopes
  6 orc sorcerers
  A worldbinder (Abyss:2)
  2 rust devils (WizLab)
  15 salamanders
  An ice statue (IceCv)
  2 centaur zombies
  26 elephants
  25 naga magi
  39 black mambas
  6 guardian serpents
  3 gargoyles
  6 torpor snails
  An orange demon (WizLab)
  8 vault sentinels
  2 smoke demons
  13 spiny frogs
  3 rime drakes
  13 freezing wraiths
  9 komodo dragons
  10 yaktaurs
  An efreet (D:14)
  An ice devil (WizLab)
  11 trolls
  3 tengu conjurers
  A hellwing (WizLab)
  3 polar bears (D:13)
  30 hornets
  12 tyrant leeches
  3 meliai
  A polar bear (shapeshifter) (D:14)
  11 slime creatures (Swamp:2)
  30 blink frogs
  12 hippogriffs
  2 bog bodies (Swamp:1)
  An air elemental (Elf:1)
  2 meliai zombies (D:14)
  4 wyverns
  2 shadows
  4 water elementals
  A vampire (D:14)
  15 spriggans
  48 yaks
  7 wraiths
  8 humans (D:13)
  A neqoxec (WizLab)
  2 hungry ghosts
  34 vampire mosquitoes
  3 chaos spawn (WizLab)
  2 basilisks
  A redback simulacrum (D:14)
  Menkaure (D:5)
  A human simulacrum (Vaults:2)
  15 swamp worms
  2 soldier ants
  20 insubstantial wisps
  58 nagas
  4 wargs
  4 acid dragons
  A small abomination (Abyss:2)
  8 porcupines
  12 water moccasins
  5 sky beasts
  48 orc warriors
  2 ice beasts (shapeshifter)
  7 ice beasts
  2 black bears
  18 swamp drakes
  An eye of draining (shapeshifter) (Vaults:1)
  22 ogres
  8 centaurs
  7 wolves (Lair:2)
  8 boggarts
  13 crocodiles
  A crocodile (shapeshifter) (Vaults:1)
  9 big kobolds
  11 bullfrogs
  4 earth elementals
  2 human skeletons (Vaults:2)
  Blork the orc (Orc:2)
  6 gnoll sergeants
  2 scorpions
  4 killer bees (D:10)
  An elephant simulacrum (IceCv)
  6 electric eels
  A vampire bat (Lair:6)
  7 howler monkeys
  A howler monkey (shapeshifter) (Elf:1)
  3 bullfrog zombies
  6 crimson imps
  4 draconian simulacra (IceCv)
  4 hounds
  19 jellies
  30 orc priests
  A bullfrog skeleton (D:5)
  8 centaur skeletons
  27 orc wizards
  3 iguanas
  7 hell rats (Lair:2)
  13 worker ants
  2 troll simulacra (IceCv)
  2 spriggan simulacra (IceCv)
  A killer bee zombie (D:10)
  3 wolf simulacra (IceCv)
  4 centaur simulacra
  A howler monkey skeleton (D:4)
  16 gnolls
  3 naga simulacra (IceCv)
  7 ogre simulacra
  10 adders
  10 river rats (Lair:2)
  3 shadow imps
  12 white imps (IceCv)
  2 ufetubi (D:13)
  9 oozes
  2 adder zombies
  An adder skeleton (D:4)
  4 worms
  5 dart slugs
  5 leopard geckos
  101 orcs
  6 ball pythons
  7 giant cockroaches
  7 goblins
  8 hobgoblins
  23 jackals
  A jackal (shapeshifter) (Vaults:1)
  10 quokkas
  A ball python skeleton (D:4)
  13 bats
  6 frilled lizards
  A giant cockroach zombie (D:5)
  38 kobolds
  A leopard gecko skeleton (D:9)
  A leopard gecko zombie (D:6)
  19 rats
  4 fungi
  3 plants
1703 creatures vanquished.

Vanquished Creatures (others)
  A balrug (WizLab)
  A wizard (D:4)
  A deep elf mage (Elf:1)
  A hornet (Swamp:2)
  2 spriggans (Swamp:2)
  2 humans (D:13)
  An orc warrior (Vaults:2)
  64 fungi
  39 plants
112 creatures vanquished.

Grand Total: 1815 creatures vanquished

Notes
Turn   | Place    | Note
-------+----------+-------------------------------------------
     0 | D:1      | Majang the Minotaur Gladiator began the quest for the Orb.
     0 | D:1      | Reached XP level 1. HP: 18/18 MP: 0/0
   101 | D:1      | Reached XP level 2. HP: 25/25 MP: 1/1
   167 | D:1      | Reached skill level 4 in Axes
   250 | D:1      | Reached skill level 1 in Armour
   290 | D:1      | Reached XP level 3. HP: 27/30 MP: 2/2
   743 | D:2      | Found a stormy altar of Qazlal.
   845 | D:2      | Became a worshipper of Qazlal Stormbringer
   948 | D:2      | Reached XP level 4. HP: 35/38 MP: 3/3
  1621 | D:3      | Reached skill level 5 in Axes
  1686 | D:3      | Reached * piety under Qazlal
  2111 | D:4      | Reached skill level 1 in Invocations
  2111 | D:4      | Reached XP level 5. HP: 23/45 MP: 4/4
  2336 | D:4      | Noticed an ogre
  2345 | D:4      | Killed an ogre
  2350 | D:4      | Reached XP level 6. HP: 41/52 MP: 4/6
  2538 | D:4      | Found Ceasak Jeve's General Store.
  2557 | D:4      | Reached skill level 6 in Axes
  2612 | D:4      | Bought a potion of heal wounds for 55 gold pieces
  2963 | D:4      | Found a bloodstained altar of Trog.
  2966 | D:4      | Noticed a wizard
  2971 | D:4      | Killed a wizard
  2999 | D:5      | Entered Level 5 of the Dungeon
  2999 | D:5      | Found a shattered altar of Ashenzari.
  3049 | D:5      | Reached ** piety under Qazlal
  3142 | D:5      | Noticed Menkaure
  3144 | D:5      | Killed Menkaure
  3144 | D:5      | Reached XP level 7. HP: 59/60 MP: 7/7
  3147 | D:5      | Reached skill level 7 in Axes
  3155 | D:5      | Reached skill level 5 in Dodging
  3217 | D:5      | Found a radiant altar of Vehumet.
  3595 | D:6      | Reached skill level 5 in Fighting
  3595 | D:6      | Reached XP level 8. HP: 52/68 MP: 1/9
  3948 | D:6      | Reached skill level 8 in Axes
  4015 | D:6      | Reached *** piety under Qazlal
  4138 | D:6      | Found a blossoming altar of Fedhas.
  4522 | D:7      | Found a sparkling altar of Nemelex Xobeh.
  4577 | D:7      | Noticed a hippogriff
  4585 | D:7      | Killed a hippogriff
  4585 | D:7      | Reached skill level 5 in Armour
  4613 | D:7      | Noticed a cyan ugly thing
  4631 | D:7      | Killed a cyan ugly thing
  4631 | D:7      | Reached skill level 9 in Axes
  4631 | D:7      | Reached XP level 9. HP: 42/77 MP: 6/11
  4858 | D:7      | Found a staircase to the Ecumenical Temple.
  4868 | Temple   | Entered the Ecumenical Temple
  5813 | D:7      | Reached skill level 10 in Axes
  5922 | D:7      | Reached skill level 5 in Invocations
  6306 | D:8      | Found a staircase to the Lair.
  6400 | D:8      | Reached **** piety under Qazlal
  6446 | D:8      | Got a pair of polished boots
  6452 | D:8      | Identified the cursed +0 pair of boots "Iqykkoe" {rN+} (You
                  | found it on level 8 of the Dungeon)
  6892 | D:9      | Found a runed translucent door.
  6892 | D:9      | Noticed Sickboy's ghost (novice MiFi)
  6909 | D:9      | Killed Sickboy's ghost
  6909 | D:9      | Reached XP level 10. HP: 88/88 MP: 13/13
  6917 | D:9      | Got a faintly glowing dire flail
  6920 | D:9      | Identified the +7 dire flail of Massacring {drain, rElec
                  | rF+} (You found it on level 9 of the Dungeon)
  6950 | D:9      | Noticed a two-headed ogre
  6961 | D:9      | Reached skill level 11 in Axes
  6966 | D:9      | Killed a two-headed ogre
  7500 | D:10     | Entered Level 10 of the Dungeon
  7541 | Lair:1   | Entered Level 1 of the Lair of Beasts
  7998 | Lair:1   | Reached skill level 12 in Axes
  8138 | Lair:1   | Noticed a black mamba
  8141 | Lair:1   | Killed a black mamba
  8361 | Lair:1   | Noticed a fire dragon
  8371 | Lair:1   | Killed a fire dragon
  8371 | Lair:1   | Reached XP level 11. HP: 95/95 MP: 13/15
  8682 | Lair:2   | Reached skill level 1 in Evocations
  9257 | Lair:2   | Reached ***** piety under Qazlal
  9317 | Lair:2   | Found a staircase to the Snake Pit.
  9340 | Lair:2   | Noticed a four-headed hydra
  9351 | Lair:2   | Killed a four-headed hydra
  9486 | Lair:2   | Reached skill level 13 in Axes
 10670 | Lair:3   | Reached XP level 12. HP: 94/106 MP: 14/16
 10680 | Lair:3   | Got an ichor-stained cloak
 10686 | Lair:3   | Identified the cursed -5 cloak of Fun {Regen+ Dex+3} (You
                  | found it on level 3 of the Lair of Beasts)
 10759 | Lair:2   | Reached skill level 10 in Fighting
 11099 | Lair:3   | Found a staircase to the Swamp.
 11372 | Lair:3   | Upgraded the game from 0.25-a0-1078-gea6e5d949a to
                  | 0.25-a0-1104-g1bb6b8da34
 11594 | Lair:4   | Reached skill level 14 in Axes
 11862 | Lair:4   | Reached skill level 10 in Armour
 12241 | Lair:4   | Reached skill level 10 in Dodging
 12264 | Lair:4   | Noticed a dire elephant
 12284 | Lair:4   | Killed a dire elephant
 12711 | Lair:5   | Noticed a death yak
 12711 | Lair:5   | Noticed a death yak
 12719 | Lair:4   | Killed a death yak
 12725 | Lair:4   | Killed a death yak
 12725 | Lair:4   | Reached XP level 13. HP: 92/115 MP: 13/18
 12810 | Lair:4   | Reached skill level 5 in Evocations
 12877 | Lair:5   | Reached skill level 15 in Axes
 13111 | Lair:5   | Reached ****** piety under Qazlal
 13710 | Lair:6   | Entered Level 6 of the Lair of Beasts
 14484 | Lair:6   | Found a staircase to the Slime Pits.
 14509 | Lair:6   | Found a runed translucent door.
 15226 | Lair:6   | Reached skill level 16 in Axes
 15230 | Lair:6   | Reached XP level 14. HP: 99/125 MP: 16/20
 15668 | D:10     | Found Amuicuapt's Antique Weapon Boutique.
 15672 | D:10     | Bought a glowing battleaxe for 228 gold pieces
 15673 | D:10     | Bought a runed broad axe for 168 gold pieces
 15966 | D:10     | Noticed Nergalle
 15981 | D:10     | Killed Nergalle
 16222 | D:10     | Found a runed translucent door.
 16223 | D:10     | Noticed marsu's ghost (journeyman TeCj)
 16236 | D:10     | Killed marsu's ghost
 17419 | D:12     | Reached skill level 10 in Invocations
 17826 | D:12     | Found a staircase to the Orcish Mines.
 18416 | Orc:1    | Entered Level 1 of the Orcish Mines
 18457 | Orc:1    | Found a transporter.
 18515 | Orc:1    | Found a roughly hewn altar of Beogh.
 18515 | Orc:1    | Found a transporter.
 18627 | Orc:1    | Paralysed by an orc sorcerer for 3 turns
 19365 | Orc:1    | Found a roughly hewn altar of Beogh.
 19603 | Orc:2    | Entered Level 2 of the Orcish Mines
 19614 | Orc:1    | Found Asielyroa's Jewellery Shoppe.
 19904 | Orc:2    | Found a staircase to the Elven Halls.
 20253 | Orc:2    | Reached skill level 17 in Axes
 20370 | Orc:2    | Noticed Blork the orc
 20373 | Orc:2    | Killed Blork the orc
 20378 | Orc:2    | Noticed Saint Roka
 20461 | Orc:2    | Killed Saint Roka
 21056 | Orc:2    | Reached XP level 15. HP: 134/134 MP: 21/21
 21082 | Orc:2    | Found a roughly hewn altar of Beogh.
 21306 | Orc:2    | Found Woecravu's Antique Armour Boutique.
 21349 | Orc:2    | Found Weiguding's General Store.
 21363 | Orc:2    | Found Qisil's Book Boutique.
 21379 | Orc:2    | Found Paenacrese's Antique Weapon Boutique.
 21403 | Orc:2    | Bought a scroll of acquirement for 780 gold pieces
 21403 | Orc:2    | Bought a scroll of teleportation for 45 gold pieces
 21570 | Orc:2    | Bought a transparent plate armour for 896 gold pieces
 21580 | Orc:2    | Identified the +1 plate armour of Relativism {rPois rN+
                  | Regen+ Stlth+} (You bought it in a shop on level 2 of the
                  | Orcish Mines)
 21767 | Snake:1  | Entered Level 1 of the Snake Pit
 21773 | Snake:1  | Noticed Aizul
 21796 | Lair:2   | Killed Aizul
 23058 | Orc:2    | Bought an embroidered hat for 224 gold pieces
 23411 | Snake:1  | Reached skill level 18 in Axes
 23778 | Snake:2  | Noticed a nagaraja
 23791 | Snake:2  | Killed a nagaraja
 23962 | Snake:2  | Noticed a nagaraja
 24000 | Snake:2  | Killed a nagaraja
 24234 | Snake:2  | Noticed Jorgrun
 24234 | Snake:2  | Noticed a nagaraja
 24240 | Snake:1  | Reached XP level 16. HP: 144/144 MP: 23/23
 24326 | Snake:1  | Killed Jorgrun
 24576 | Snake:2  | Reached skill level 19 in Axes
 25341 | Snake:2  | Found a snail-covered altar of Cheibriados.
 26454 | Snake:3  | Reached skill level 20 in Axes
 27291 | Swamp:1  | Entered Level 1 of the Swamp
 27299 | Swamp:1  | Noticed a thorn hunter
 27368 | Swamp:1  | Killed a thorn hunter
 27534 | Swamp:1  | Reached XP level 17. HP: 60/154 MP: 25/25
 28665 | Swamp:2  | Reached skill level 21 in Axes
 30101 | Swamp:3  | Reached skill level 10 in Evocations
 30861 | Swamp:3  | Reached skill level 15 in Fighting
 31456 | Swamp:4  | Entered Level 4 of the Swamp
 32239 | Swamp:4  | Reached skill level 22 in Axes
 32271 | Swamp:4  | Reached XP level 18. HP: 97/163 MP: 26/26
 32279 | Swamp:4  | Reached skill level 15 in Armour
 32553 | Swamp:4  | Got a decaying rune of Zot
 33347 | D:13     | Found Etoecafu's Mayhem Merchandise.
 33365 | D:13     | Found a white marble altar of Elyvilon.
 33392 | D:13     | Found a frozen archway.
 33421 | IceCv    | Entered an ice cave
 33606 | IceCv    | Found an ancient bone altar of Kikubaaqudgha.
 34087 | D:13     | Found a gate to the Vaults.
 34589 | D:14     | Noticed Josephine
 34601 | D:14     | Killed Josephine
 34851 | D:14     | Noticed Snorg
 34859 | D:14     | Killed Snorg
 34957 | D:14     | Found an opulent altar of Gozag.
 35500 | D:14     | Upgraded the game from 0.25-a0-1104-g1bb6b8da34 to
                  | 0.25-a0-1118-g1a081956a1
 35520 | D:15     | Entered Level 15 of the Dungeon
 35779 | D:15     | Noticed Rupert
 35819 | D:15     | Killed Rupert
 35845 | D:15     | Noticed Roxanne
 36002 | D:15     | Killed Roxanne
 36291 | D:15     | Noticed Agnes
 36303 | D:15     | Killed Agnes
 36556 | D:15     | Found Ted Ciex's Distillery.
 36562 | D:15     | Bought a potion of magic for 112 gold pieces
 36562 | D:15     | Bought a potion of heal wounds for 70 gold pieces
 36562 | D:15     | Bought a potion of heal wounds for 70 gold pieces
 36562 | D:15     | Bought a potion of berserk rage for 70 gold pieces
 36569 | D:15     | Bought 2 potions of cancellation for 224 gold pieces
 36569 | D:15     | Bought a potion of cancellation for 112 gold pieces
 36753 | D:15     | Found a staircase to the Depths.
 36905 | Lair:1   | Got the amulet of Xom's Recklessness {Faith rElec rN+}
 37055 | Elf:1    | Entered Level 1 of the Elven Halls
 37148 | Elf:1    | Cast into level 2 of the Abyss (a deep elf demonologist)
 37162 | Abyss:2  | Found a shimmering blue altar of Sif Muna.
 37175 | Abyss:2  | Noticed a lich
 37177 | Abyss:2  | Gained mutation: Armour fits poorly on your strangely
                  | shaped body. [a cacodemon]
 37180 | Abyss:2  | Gained mutation: Potions are less effective at restoring
                  | your health. [a cacodemon]
 37192 | Abyss:2  | Killed a lich
 37207 | Abyss:2  | Identified the Grimoire of Combat Magic
 37220 | Abyss:2  | Identified the Tome of Confrontation
 37227 | Abyss:2  | Identified the Handbook of Companions
 37234 | Abyss:2  | Reached skill level 23 in Axes
 37235 | Abyss:2  | Found a shimmering blue altar of Sif Muna.
 37237 | Abyss:2  | Identified the Grimoire of the Arsonist
 37246 | Abyss:2  | Found a shimmering blue altar of Sif Muna.
 37249 | Abyss:2  | Identified the Grimoire of Lightness
 37257 | Abyss:2  | Identified the Almanac of Poison
 37261 | Abyss:2  | Identified Sif Muna's Guide on Malediction
 37264 | Abyss:2  | Identified the Guide on Transmigration
 37268 | Abyss:2  | Identified Zuceahi's Volume of Ignition
 37270 | Abyss:2  | Identified Zionom's Papyrus of Toxins
 37273 | Abyss:2  | Found a shimmering blue altar of Sif Muna.
 37413 | Abyss:2  | Reached XP level 19. HP: 93/172 MP: 28/28
 37415 | Elf:1    | Escaped the Abyss
 37518 | Elf:1    | Lost mutation: Armour fits poorly on your strangely shaped
                  | body. [potion of mutation]
 37518 | Elf:1    | Lost mutation: Potions are less effective at restoring your
                  | health. [potion of mutation]
 37518 | Elf:1    | Gained mutation: You are frail. (-10% HP) [potion of
                  | mutation]
 37518 | Elf:1    | Gained mutation: You occasionally shout uncontrollably at
                  | your foes. [potion of mutation]
 37518 | Elf:1    | Gained mutation: You evolve. [potion of mutation]
 37550 | Elf:1    | Found Tann's Jewellery Shoppe.
 37565 | Elf:1    | Bought an uncursed ring of see invisible for 210 gold
                  | pieces
 37709 | Elf:1    | Reached skill level 15 in Dodging
 38389 | Elf:1    | Identified the Compendium of Creative Confrontation
 39359 | Elf:2    | Found a portal to a secret trove of treasure.
 39678 | Elf:2    | Found a huge runed translucent gate.
 39678 | Elf:2    | Found a huge runed translucent gate.
 39678 | Elf:2    | Found a huge runed translucent gate.
 39678 | Elf:2    | Found a huge runed translucent gate.
 39681 | Elf:2    | Found a huge runed translucent gate.
 39856 | Elf:3    | Entered Level 3 of the Elven Halls
 40100 | Elf:3    | Lost mutation: You are frail. (-10% HP) [evolution]
 40100 | Elf:3    | Lost mutation: You evolve. [end of evolution]
 41489 | Snake:4  | Entered Level 4 of the Snake Pit
 42739 | Snake:4  | Reached XP level 20. HP: 182/182 MP: 29/29
 43045 | Snake:4  | Got a serpentine rune of Zot
 43423 | Vaults:1 | Entered Level 1 of the Vaults
 43535 | Vaults:1 | Reached skill level 24 in Axes
 43848 | Vaults:1 | Found Edu Veguke's Armour Shop.
 45710 | Vaults:2 | Found Ytho's Assorted Antiques.
 45890 | Vaults:2 | Found a magical portal.
 45913 | WizLab   | Reached XP level 21. HP: 180/192 MP: 31/31
 45933 | WizLab   | Slain by a balrug

Illustrated notes

Levels and vault maps discovered:
D:1:      dpeg_arrival_tiny_a, layout_loops_ring, minmay_pentomino_p4
D:2:      wad_pebble_path, layout_basic, marbit_many_paths
D:3:      layout_loops_ring, minmay_quadrilaterals
D:4:      layout_basic, first_ration, serial_shops, shop_statue, trog_wizard
D:5:      layout_cave_pools, nicolae_overflow_crystal_walls, ashenzari_altar_1,
          uniq_menkaure
D:6:      layout_basic, fedhas_altar_1
D:7:      layout_basic, nemelex_xobeh_ov_fountains_minmay,
          minmay_temple_entry_antechambers, minmay_misc_feat_pillars,
          hangedman_decor_slide_cut
D:8:      layout_rooms, lair_entry_dummy, chequers_serial_rivers_small_a
D:9:      layout_basic, gammafunk_ghost_grave, hangedman_little_slice_of_home
D:10:     layout_basic, ebering_ghost_reflecting_pool, serial_shops, shop,
          uniq_nergalle
D:11:     layout_roguey, minmay_misc_feat_alley
D:12:     layout_long_grid, kennysheep_orc_monster_closet_entryway
D:13:     layout_basic, ximxim_vaults_locker_room, basic_altar,
          gauntlet_entry_generic, serial_ice, serial_ice_o, serial_ice_l,
          serial_ice_d, serial_ice_b, portal_ice_cave_entry_pillars_2,
          drop_trap, minmay_shop_mayhem
D:14:     layout_stronghold, serial_column_ruins, column_ruins_hut_pillars,
          column_ruins_hut, column_ruins_open_tiny, column_ruins_grid_1,
          column_ruins_open_medium_water, column_ruins_open_medium,
          column_ruins_open_medium,
          nicolae_gozag_cash_rules_everything_around_me, uniq_josephine,
          uniq_snorg
D:15:     grunt_enter_depths_hoard, layout_rooms, serial_shops, shop,
          uniq_rupert, uniq_agnes, uniq_roxanne
Temple:   eino_narrow_crystal_temple
Lair:1:   dragon1_lemuel, layout_small_grid, chequers_serial_rivers_large_a
Lair:2:   lemuel_ratsnest, layout_hall_layers, guppyfry_snake_entry_island,
          wad_woods_road_03, grunt_megastairs_5, lemuel_fruit_tree,
          infiniplex_staircase_pool
Lair:3:   layout_misc_corridors, minmay_swamp_entry_swarm
Lair:4:   mu_elephants_graveyard, layout_regular_city,
          infiniplex_staircase_pool_2
Lair:5:   layout_long_grid, grunt_megastairs_3
Lair:6:   wormcave, layout_big_grid, minmay_slime_entry_jelly_boxes,
          st_stairs_6, roderic_batcave, minivault_19, serial_bayou_pond_a
Swamp:1:  layout_falls_marsh, serial_swamp_ruin, evilmike_swamp_ruin_house_2,
          hangedman_swamp_ruin_wall, swamp_pool1
Swamp:2:  layout_basic_swamp, evilmike_swamp_ruin_wall
Swamp:3:  layout_falls_marsh, evilmike_swamp_ruin_house_5,
          hangedman_swamp_diagram
Swamp:4:  swamp, layout_basic_swamp, swamp_pool3
Snake:1:  nrook_guardian_serpent_snake_passage, layout_onion_interference,
          drop_trap, nicolae_snake_linked_coils, uniq_aizul
Snake:2:  cheibrodos_forgotten_conduit, layout_cave_pods, basic_altar,
          uniq_jorgrun
Snake:3:  hangedman_cross_veins, layout_concentric_octagons
Snake:4:  snake_pit, layout_grid_shapes, st_stairs_1, nicolae_snake_shapes
Orc:1:    gammafunk_beogh_shrine, layout_caves, serial_shops, shop,
          minmay_orc_temple_c
Orc:2:    grunt_orc_cross, layout_diamond_mine
Elf:1:    eino_elf_arrival_shootout, layout_geoelf_octagon, serial_shops,
          shop_statue, minmay_elf_sorcery, hangedman_elf_targetted_burst
Elf:2:    layout_loops_cross, enter_trove_1, hex_tiny
Elf:3:    elf_hall, layout_onion_city, serial_shops, shop_fountains,
          gammafunk_ghost_fury_of_okawaru, not_door_vault_mu, minmay_shop_mass,
          grunt_ministairs_5
Vaults:1: v_alt_pattern_5, nicolae_vaults_network_s, st_cross,
          grunt_vaults_hallway_short, v_misc_10, v_misc_23, v_alt_pattern_6,
          vaults_room_pool, nicolae_vaults_little_squares_4,
          layout_vaults_quadrants, serial_shops, nicolae_shop_statue_plus
Vaults:2: nicolae_vaults_mini_display_case, v_misc_10, st_lattice,
          ontoclasm_vaults_fault, hangedman_vaults_corner_blocks, v_misc_28,
          grunt_vaults_twisty, ontoclasm_vaults_ring_small, v_misc_4, v_misc_29,
          layout_vaults_omnicross, serial_shops, shop,
          infiniplex_enter_wizlab_glasses
WizLab:   wizlab_demon

Skill      XL: |  1  2  3  4  5  6  7  8  9 10 11 12 13 14 15 16 17 18 19 20 |
---------------+-------------------------------------------------------------+-----
Axes           | 4 5 6 7 9 10 12 13 14 16 17 18 20 22 23 24 | 24.7
Armour         | 1 2 3 4 5 6 8 9 10 11 12 13 14 15 16 17 | 17.3
Fighting       | 3 4 5 6 7 8 9 10 11 12 13 14 15 16 17 | 17.5
Dodging        | 4 5 6 7 8 9 10 11 12 13 14 15 16 | 16.3
Invocations    | 1 2 3 4 5 6 7 8 9 10 11 12 13 14 | 14.9
Evocations     | 3 4 6 7 8 9 10 11 12 | 12.5
Throwing       | |  2.0

Action                   |  1- 3 |  4- 6 |  7- 9 | 10-12 | 13-15 | 16-18 | 19-21 || total
-------------------------+-------+-------+-------+-------+-------+-------+-------++-------
Melee: War axe           |    96 |    66 |       |       |       |       |       ||   162
       Headbutt          |    16 |    25 |    42 |   116 |   259 |   341 |   235 ||  1034
       Battleaxe         |       |    67 |   297 |   365 |   904 |  1289 |  1068 ||  3990
       Dire flail        |       |       |       |   100 |    54 |    45 |     9 ||   208
Invok: Upheaval          |       |       |       |     2 |     9 |    10 |    16 ||    37
       Disaster Area     |       |       |       |       |     4 |     1 |     4 ||     9
Evoke: Wand              |       |       |       |     5 |     1 |       |     1 ||     7
  Use: Scroll            |       |    12 |     1 |     6 |    16 |    11 |     7 ||    53
       Potion            |       |       |     3 |     9 |     4 |     2 |     5 ||    23
 Stab: Confused          |       |       |       |       |       |     5 |       ||     5
       Distracted        |       |       |       |       |       |       |     1 ||     1
       Petrifying        |       |       |       |       |       |       |     1 ||     1
  Eat: Chunk             |       |     7 |    10 |    19 |    31 |    29 |    12 ||   108
       Ration            |       |       |     3 |       |     2 |     4 |     5 ||    14
Armor: Chain mail        |    62 |    69 |    44 |       |       |       |       ||   175
       Leather armour    |     2 |       |       |       |       |       |       ||     2
       Plate armour      |       |       |   141 |   279 |   450 |   536 |   403 ||  1809
Dodge: Dodged            |    62 |    71 |   115 |   234 |   430 |   562 |   430 ||  1904
       Repelled          |       |       |       |     5 |    38 |    67 |    82 ||   192
Block: Other             |       |     2 |    60 |   132 |   537 |   713 |   326 ||  1770
       Reflection        |       |       |       |       |    53 |    71 |       ||   124

Table legend:
 A = Non-vault XP
 B = Vault XP
 C = Vault XP percentage of total XP
 D = Non-vault monster count
 E = Vault monster count
 F = Vault count percentage of total count
                 A         B        C        D         E       F
            +---------+---------+-------+---------+---------+-------
      Total |  358637 |  236750 |  39.8 |    1148 |     554 |  32.5
            +---------+---------+-------+---------+---------+-------
        D:1 |      43 |       7 |  14.0 |      19 |       4 |  17.4
        D:2 |      73 |       2 |   2.7 |      27 |       1 |   3.6
        D:3 |      47 |      11 |  19.0 |      18 |       6 |  25.0
        D:4 |     403 |       0 |   0.0 |      18 |       0 |   0.0
        D:5 |     375 |     175 |  31.8 |      21 |       1 |   4.5
        D:6 |     948 |       0 |   0.0 |      38 |       0 |   0.0
        D:7 |    2185 |       0 |   0.0 |      26 |       0 |   0.0
        D:8 |     669 |       0 |   0.0 |      18 |       0 |   0.0
        D:9 |    2736 |     957 |  25.9 |      23 |       9 |  28.1
       D:10 |    2619 |    1625 |  38.3 |      30 |       2 |   6.2
       D:11 |    5527 |       0 |   0.0 |      41 |       0 |   0.0
       D:12 |    5315 |    2208 |  29.3 |      33 |      20 |  37.7
       D:13 |   14245 |    4484 |  23.9 |      47 |      15 |  24.2
       D:14 |   13915 |    4046 |  22.5 |      40 |       7 |  14.9
       D:15 |   12249 |    8863 |  42.0 |      28 |       5 |  15.2
     Lair:1 |    1819 |    1002 |  35.5 |       7 |       1 |  12.5
     Lair:2 |   11440 |    3909 |  25.5 |      38 |      46 |  54.8
     Lair:3 |    3634 |     903 |  19.9 |      13 |       5 |  27.8
     Lair:4 |    5475 |    8173 |  59.9 |      18 |      16 |  47.1
     Lair:5 |   11591 |     229 |   1.9 |      32 |       4 |  11.1
     Lair:6 |    6895 |    8207 |  54.3 |      26 |      37 |  58.7
    Swamp:1 |   22092 |       0 |   0.0 |      47 |       0 |   0.0
    Swamp:2 |   20293 |       0 |   0.0 |      55 |       0 |   0.0
    Swamp:3 |   16419 |       0 |   0.0 |      39 |       0 |   0.0
    Swamp:4 |   11550 |   19126 |  62.3 |      33 |      30 |  47.6
    Snake:1 |   18618 |    3753 |  16.8 |      36 |       3 |   7.7
    Snake:2 |   26669 |    5180 |  16.3 |      44 |      10 |  18.5
    Snake:3 |   21857 |   12019 |  35.5 |      41 |      20 |  32.8
    Snake:4 |   12438 |   34595 |  73.6 |      29 |      52 |  64.2
      Orc:1 |    5565 |   11572 |  67.5 |      41 |      45 |  52.3
      Orc:2 |    3049 |   10975 |  78.3 |      45 |      35 |  43.8
      Elf:1 |   21334 |    8173 |  27.7 |      33 |      15 |  31.2
      Elf:2 |   14077 |   23518 |  62.6 |      24 |      30 |  55.6
      Elf:3 |     583 |       0 |   0.0 |       1 |       0 |   0.0
   Vaults:1 |   34609 |   20294 |  37.0 |      67 |      32 |  32.3
   Vaults:2 |   18582 |   17868 |  49.0 |      34 |      26 |  43.3
    Abyss:2 |    8699 |    5979 |  40.7 |      18 |       5 |  21.7
      IceCv |       0 |    6220 | 100.0 |       0 |      54 | 100.0
     WizLab |       0 |   12677 | 100.0 |       0 |      18 | 100.0
            +---------+---------+-------+---------+---------+-------
